 Dungeon Crawl Stone Soup version 0.14-a0-2632-gd2f732a (webtiles) character file.

61 Jenx the Sneak (level 3, 0/16 HPs)
             Began as a Felid Monk on Feb 15, 2014.
             Slain by Ijyb
             ... wielding a +1,+3 orcish dagger
              (7 damage)
             ... on Level 2 of the Dungeon.
             The game lasted 00:02:56 (1558 turns).

Jenx the Sneak (Felid Monk)                         Turns: 1558, Time: 00:02:57

HP   0/16        AC  1     Str  8      XL: 3   Next: 26%
MP   5/5         EV 19     Int 11      God:
Gold 22          SH  0     Dex 18      Spells:  0 memorised,  2 levels left
Lives: 0, deaths: 0

rFire  . . .     SeeInvis +       - Unarmed
rCold  . . .     Clarity  .     (armour unavailable)
rNeg   . . .     Conserve .     (shield unavailable)
rPois  .         rCorr    .     (helmet unavailable)
rElec  .         rRot     .     (cloak unavailable)
SustAb . .       Spirit   .     (gloves unavailable)
rMut   .         Warding  .     (boots unavailable)
Saprov . . .     Stasis   .     (no amulet)
MR     .....                    (no ring)
                                (no ring)

@: quick, not resistant to hostile enchantments, very stealthy
A: paw claws, no armour, no weapons or thrown items, fangs 3, see invisible,
carnivore 3, speed 1, shaggy fur 1, slow metabolism 1, jump 1
a: Jump Attack


You were on level 2 of the Dungeon.
You were completely stuffed.

You visited 1 branch of the dungeon, and saw 2 of its levels.

You collected 22 gold pieces.

Inventory:

Comestibles
 b - 2 meat rations
 k - a chunk of adder flesh
 l - a rotting chunk of bat flesh
 n - a chunk of giant gecko flesh
Scrolls
 a - 3 scrolls of fear {unknown}
 c - a scroll of identify {unknown}
 d - a scroll of noise {unknown}
 g - a scroll of curse jewellery {unknown}
 h - a scroll of enchant armour {unknown}
 i - 2 scrolls of teleportation {unknown}
 j - a scroll of amnesia {unknown}
 m - a scroll of remove curse {unknown}
Potions
 e - 2 potions of restore abilities {unknown}
 f - a potion of agility {unknown}


   Skills:
 + Level 2.0 Fighting
 - Level 4.0 Dodging
 - Level 5.2 Stealth
 * Level 3.0 Unarmed Combat


You had 2 spell levels left.
You didn't know any spells.

Dungeon Overview and Level Annotations

Branches:
Dungeon (2/16)

Altars:

Annotations:
D:2 Ijyb


Innate Abilities, Weirdness & Mutations

You cannot wear armour.
You are incapable of wielding weapons or throwing items.
Your paws have sharp claws.
You have razor-sharp teeth.
You have supernaturally acute eyesight.
You are carnivorous and can eat meat at any time.
You cover ground quickly.
You are covered in fur (AC +1).
You have a slow metabolism.
You can jump attack at a short distance.


Message History

You kill the goblin!
You see here a dagger.
Ijyb comes into view.
He is wielding a runed orcish dagger.
Found 11 gold pieces.
A goblin comes into view. It is wielding a club.
Ijyb shouts!
The goblin shouts!
The goblin unwields an uncursed club.
The goblin wields a sling.
The goblin shoots a stone.
The stone hits you!
You see here a stone.
You barely miss Ijyb. Ijyb closely misses you.
You scratch Ijyb.
Ijyb begins to bleed from his wounds!
Ijyb is lightly wounded.
Ijyb hits you with a runed orcish dagger.
You scratch Ijyb.
Ijyb is lightly wounded.
The goblin shoots a stone.
The stone hits you!
You scratch Ijyb.
Ijyb is moderately wounded.
Ijyb hits you with a runed orcish dagger!
You die...

####.......##.......
###.......#.......#
#.........#.....###
#...#........##..
###...#............
#.....#..%.....##..
#.....#........####
#..g..#............
#...@.#...).##...##
#.#.....###........#
.....?...............
...#.##############.#
...g. # $.. .


You could see Ijyb (bleeding) and a goblin.

Vanquished Creatures
  An adder (D:2)
  A giant gecko (D:2)
  An ooze (D:1)
  3 bats (D:1)
  A giant cockroach (D:1)
  6 goblins
  5 hobgoblins (D:1)
  A ball python (D:1)
  4 kobolds (D:1)
  A rat (D:1)
24 creatures vanquished.

Notes
Turn   | Place    | Note
--------------------------------------------------------------
     0 | D:1      | Jenx, the Felid Monk, began the quest for the Orb.
     0 | D:1      | Reached XP level 1. HP: 9/9 MP: 2/2
   248 | D:1      | Reached XP level 2. HP: 8/13 MP: 3/3
  1450 | D:2      | Reached skill level 5 in Stealth
  1450 | D:2      | Reached XP level 3. HP: 14/16 MP: 5/5
  1551 | D:2      | Noticed Ijyb
  1558 | D:2      | Slain by Ijyb

Action                   || total
-------------------------++-------
Melee: Unarmed           ||    80
 Stab: Sleeping          ||     5
